 Dungeon Crawl Stone Soup version 0.28.0-53-g5a82cb258f (webtiles) character file.

Game seed: 13331497850445477602

38 SanguineChosen the Covered (level 3, -6/24 HPs)
             Began as a Gargoyle Fighter on July 23, 2022.
             Mangled by Natasha (7 damage)
             ... on level 2 of the Dungeon.
             The game lasted 00:03:04 (957 turns).

SanguineChosen the Covered (Gargoyle Fighter)        Turns: 957, Time: 00:03:06

Health: -6/24      AC: 18    Str: 21    XL:     3   Next: 43%
Magic:  3/3        EV:  2    Int:  8    God:
Gold:   44         SH:  4    Dex:  9    Spells: 2/2 levels left

rFire   + . .      SeeInvis .   a - +0 flail
rCold   + . .      Faith    .   c - +0 buckler
rNeg    + . .      Spirit   .   k - +0 gold dragon scales
rPois   ∞          Reflect  .   (no helmet)
rElec   +          Harm     .   (no cloak)
rCorr   .          Rampage  .   l - +0 pair of gloves
Will    .....                   (no boots)
Stlth   ..........              (no amulet)
HPRegen 0.08/turn               (no ring)
MPRegen 0.08/turn               (no ring)

@: hasted and slowed
A: sickness immunity, AC +3, negative energy resistance 1, electricity
resistance, torment resistance 1, petrification resistance
a: no special abilities


You were on level 2 of the Dungeon.
You visited 1 branch of the dungeon, and saw 2 of its levels.

You collected 44 gold pieces.

Inventory:

Hand Weapons
 a - a +0 flail (weapon)
Armour
 c - a +0 buckler (worn)
 k - +0 gold dragon scales (worn)
 l - a +0 pair of gloves (worn)
Scrolls
 f - 3 scrolls of identify {unknown}
 g - a scroll of amnesia {unknown}
 j - a scroll of teleportation {unknown}
Potions
 d - 2 potions of might
 e - a potion of haste
 h - a potion of heal wounds {unknown}
 i - a potion of curing {unknown}


   Skills:
 + Level 3.7 Fighting
 + Level 2.5 Maces & Flails
 + Level 3.8 Armour
 + Level 0.2 Stealth
 + Level 3.6 Shields


You had 2 spell levels left.
You didn't know any spells.
Your spell library was empty.

Dungeon Overview and Level Annotations

Branches:
Dungeon (2/15)

Altars:

Annotations:
D:2 Natasha, Robin


Innate Abilities, Weirdness & Mutations

You are immune to sickness and miasma.
Your stone body is resilient. (AC +3)
You are immune to poison.
You resist negative energy. (rN+)
You are resistant to electric shocks. (rElec)
You are resistant to unholy torment.
You are immune to petrification.


Message History

The hobgoblin hits you but does no damage.
Natasha claws you but does no damage. The hobgoblin hits you.
You hit Natasha.
Natasha is moderately wounded.
Natasha claws you.
The hobgoblin hits you but does no damage.
Natasha claws you but does no damage.
The hobgoblin hits you but does no damage.
You completely miss Natasha.
Natasha is moderately wounded.
Natasha casts a spell at you.
You feel as though you will be slow longer.
The hobgoblin hits you but does no damage.
You block Natasha's attack.
The hobgoblin hits you but does no damage.
You hit Natasha.
Natasha is heavily wounded.
Natasha casts a spell at you. The magic dart hits you!
The hobgoblin hits you but does no damage.
Natasha claws you but does no damage.
The hobgoblin hits you but does no damage.
You sock Natasha!
Natasha is almost dead.
Natasha claws you.
* * * LOW HITPOINT WARNING * * *
The hobgoblin hits you but does no damage.
Natasha claws you but does no damage. The hobgoblin hits you.
* * * LOW HITPOINT WARNING * * *
You hit Natasha but do no damage.
Natasha is almost dead.
Natasha stares at you and mumbles some strange words.
The magic dart hits you.
* * * LOW HITPOINT WARNING * * *
The hobgoblin hits you but does no damage.
Natasha stares at you and mumbles some strange words.
The magic dart hits you but does no damage.
The hobgoblin hits you but does no damage.
It was a potion of haste.
You feel yourself speed up. Natasha claws you!
You die...

.### g# ...##..
......g ....g..
### .[.g.gg
#....######....g..
#...h@gg#.......
#######gg## ##<.##
##..# ##.### #...#
#####


You could see Natasha, a hobgoblin and 3 goblins.

Vanquished Creatures
  3 bats (D:1)
  2 endoplasms (D:1)
  2 giant cockroaches (D:1)
  6 goblins (D:1)
  4 hobgoblins (D:1)
  5 kobolds (D:1)
  4 quokkas (D:1)
  2 ball pythons (D:1)
  5 rats (D:1)
33 creatures vanquished.

Vanquished Creatures (others)
  3 plants (D:1)
3 creatures vanquished.

Grand Total: 36 creatures vanquished

Notes
Turn   | Place    | Note
-------+----------+-------------------------------------------
     0 | D:1      | SanguineChosen the Gargoyle Fighter began the quest for the
                  | Orb.
     0 | D:1      | Reached XP level 1. HP: 14/14 MP: 1/1
    47 | D:1      | Reached XP level 2. HP: 19/19 MP: 2/2
    61 | D:1      | Found a faded altar of an unknown god.
   406 | D:1      | Reached XP level 3. HP: 23/24 MP: 3/3
   941 | D:2      | Noticed Natasha
   941 | D:2      | Noticed Robin
   956 | D:2      | HP: 1/24 [Natasha/magic dart (3)]
   957 | D:2      | Mangled by Natasha

Illustrated notes

Levels and vault maps discovered:
D:1:      minmay_arrival_stone_box, layout_basic,
          shapermc_ecumenical_altar_acropolis, serial_bayou_lagoon_b
D:2:      layout_rooms, serial_corexii_hall, corexii_hall_statues_s,
          corexii_hall_statues_x, serial_shops, nicolae_shop_stone,
          minmay_pentomino_p4, uniq_robin, uniq_natasha, uniq_terence

Action                   || total
-------------------------++-------
Melee: Flail             ||   105
  Use: Potion            ||     1
Armor: Scale mail        ||    53
       Gold dragon scale ||    34
Dodge: Dodged            ||    45
Block: Buckler           ||    17
